[Event "Titled Tuesday Blitz July 05 Late 2022"]
[White "Meshkovs, Nikita"]
[Black "Tari, Aryan"]
[WhiteFideId "11602740"]
[BlackFideId "1510045"]
[WhiteElo "2506"]
[BlackElo "2612"]
[Result "1/2-1/2"]
[Round "06"]
[TimeControl "180+1"]
[Date "2022.07.05"]
[WhiteClock "0:00:18"]
[BlackClock "0:00:14"]

1. c4 g6 2. Nc3 c5 3. g3 Bg7 4. Bg2 Nc6 5. a3 e6 6. Rb1 Nge7 7. b4 cxb4 8. axb4 a5 9. bxa5 Nxa5 10. Qa4 O-O 11. Nf3 d5 12. cxd5 exd5 13. O-O Bf5 14. Ra1 d4 15. Nb5 d3 16. e4 Bd7 17. Rb1 Be6 18. Ng5 Bc4 19. Ba3 Qd7 20. Bh3 Qe8 21. Rfc1 h6 22. Rxc4 Nxc4 23. Qxc4 hxg5 24. Nc7 Qc6 25. Qxc6 Nxc6 26. Bxf8 Rxf8 27. Rxb7 Ne5 28. Bf1 g4 29. Nd5 Ra8 30. Rb1 Ra2 31. Rd1 Bh6 32. Nf4 Ra3 33. Kg2 Kg7 34. h3 g5 35. Nd5 gxh3+ 36. Kxh3 g4+ 37. Kg2 Nc4 38. Nf4 Bxf4 39. gxf4 Nd6 40. e5 Nf5 41. Rc1 Nh4+ 42. Kg3 Nf3 43. Kxg4 Nxd2 44. Rd1 Ne4 45. Kf3 Nc5 46. Rd2 Ra4 47. Bxd3 Rd4 48. Ke3 Rd5 49. Bf5 Rxd2 50. Kxd2 f6 51. Ke3 Kf7 52. Kd4 Nb3+ 53. Kd5 Ke7 54. Bc2 Nd2 55. Bd1 Nb1 56. Bg4 Nc3+ 57. Kd4 Nb5+ 58. Ke4 Nc7 59. Kf5 Ne8 60. Kg6 Kf8 61. Bd1 Ke7 62. Ba4 Nc7 63. exf6+ Kf8 64. Bc6 Ne6 65. Bd7 Nxf4+ 66. Kg5 Nd3 67. f4 Nc5 68. Bf5 Nb3 69. Be4 Nc5 70. Kf5 Nb7 71. Bd5 Nd6+ 72. Ke5 Nb5 73. Be4 Nc7 74. Bd3 Ne8 75. Bb5 Nc7 76. Bc6 Kf7 77. Bd5+ Nxd5 78. Kxd5 Kxf6 79. Ke4 Ke6 80. f5+ Kf6 81. Kf4 Kf7 82. Ke5 Ke7 83. f6+ Kf7 84. Kf5 Kf8 85. Kg6 Kg8 86. Kg5 Kf7 87. Kf5 Kf8 88. Ke6 Ke8 89. f7+ Kf8 90. Kf6 1/2-1/2


[Site "https://www.chess.com"]

[Event "Titled Tuesday Blitz July 05 Late 2022"]
[White "Onslow, Alfie"]
[Black "Maksimovic, Bojan"]
[WhiteFideId "436976"]
[BlackFideId "14408120"]
[WhiteElo "1885"]
[BlackElo "2453"]
[Result "0-1"]
[Round "06"]
[TimeControl "180+1"]
[Date "2022.07.06"]
[WhiteClock "0:00:05"]
[BlackClock "0:00:06"]

1. e4 e5 2. Bc4 Nf6 3. d3 Be7 4. Nc3 O-O 5. Nf3 d6 6. O-O c6 7. a4 a5 8. h3 Nbd7 9. Be3 Qc7 10. Ba2 h6 11. Ne2 Re8 12. Ng3 Nf8 13. Nf5 Bxf5 14. exf5 d5 15. d4 N8d7 16. dxe5 Nxe5 17. Bf4 Bd6 18. Nxe5 Bxe5 19. Be3 Bxb2 20. Rb1 Be5 21. Qf3 Ne4 22. Bb3 Rad8 23. c4 d4 24. Bc1 d3 25. Kh1 d2 26. Qxe4 dxc1=Q 27. Rfxc1 Bf4 28. Qf3 Bxc1 29. Rxc1 Qd6 30. c5 Qd3 31. Rc3 Qxf3 32. Rxf3 Rd4 33. Rg3 Kf8 34. Kh2 Re5 35. f6 g6 36. Rf3 Rf5 37. Re3 Rxf6 38. f3 Rf5 39. Bc2 Rxc5 40. Be4 Re5 41. Rb3 Re7 42. Rb6 Rxa4 43. Rb3 Rb4 44. Rd3 Kg7 45. Rd8 a4 46. Rb8 Rexe4 47. fxe4 b5 48. e5 a3 49. Rb7 a2 50. Ra7 Ra4 51. Rxa4 bxa4 0-1


[Site "https://www.chess.com"]

[Event "Titled Tuesday Blitz July 05 Late 2022"]
[White "Oparin, Grigoriy"]
[Black "Andreikin, Dmitry"]
[WhiteFideId "24125890"]
[BlackFideId "4158814"]
[WhiteElo "2639"]
[BlackElo "2736"]
[Result "1-0"]
[Round "06"]
[TimeControl "180+1"]
[Date "2022.07.05"]
[WhiteClock "0:00:55"]
[BlackClock "0:00:04"]

1. Nf3 Nf6 2. c4 e6 3. g3 d5 4. d4 Be7 5. Bg2 O-O 6. Qc2 Na6 7. a3 c5 8. dxc5 Nxc5 9. O-O dxc4 10. Qxc4 b5 11. Qc2 Bb7 12. Nc3 a6 13. Rd1 Qc8 14. Be3 Nce4 15. Bd4 Nd5 16. Bxg7 Nxf2 17. Bxf8 Qc5 18. Rd4 Bxf8 19. e3 e5 20. Rxd5 Nh3+ 21. Bxh3 Bxd5 22. Qf2 Bb7 23. Nh4 Rd8 24. Rf1 Qe7 25. Bg2 Bc8 26. Ne4 Bg7 27. Nf5 Bxf5 28. Qxf5 h6 29. Bf3 b4 30. Bh5 Rf8 31. axb4 Qxb4 32. Bxf7+ Kh8 33. Rf2 Qb6 34. Qf3 Qc6 35. Kg2 Rxf7 36. Qxf7 Qxe4+ 37. Qf3 Qb4 38. e4 a5 39. Rc2 Qb7 40. Qf5 1-0


[Site "https://www.chess.com"]

[Event "Titled Tuesday Blitz July 05 Late 2022"]
[White "Pakleza, Zbigniew"]
[Black "Matsuura, Frederico"]
[WhiteFideId "1119290"]
[BlackFideId "2107848"]
[WhiteElo "2467"]
[BlackElo "2302"]
[Result "1-0"]
[Round "06"]
[TimeControl "180+1"]
[Date "2022.07.05"]
[WhiteClock "0:00:36"]
[BlackClock "0:01:18"]

1. d4 e6 2. Nf3 d5 3. Bf4 Bd6 4. Bg3 Nf6 5. Nbd2 O-O 6. e3 Ne4 7. Nxe4 dxe4 8. Nd2 f5 9. c3 Qe7 10. Nc4 Nd7 11. Qb3 Kh8 12. Bxd6 cxd6 13. Qa3 f4 14. Qxd6 Qg5 15. exf4 Rxf4 16. Qxe6 Rf8 17. Qd6 Re8 18. Qg3 Qf5 19. Nd6 Qf6 20. Nxe8 1-0


[Site "https://www.chess.com"]

[Event "Titled Tuesday Blitz July 05 Late 2022"]
[White "Papp, Levente"]
[Black "Petrovic, Aleksa"]
[WhiteFideId "751243"]
[BlackFideId "967629"]
[WhiteElo "2308"]
[BlackElo "2185"]
[Result "1-0"]
[Round "06"]
[TimeControl "180+1"]
[Date "2022.07.06"]
[WhiteClock "0:00:17"]
[BlackClock "0:00:07"]

1. c4 Nf6 2. Nc3 c6 3. d4 d5 4. Nf3 e6 5. cxd5 exd5 6. Bg5 Be7 7. e3 Bf5 8. Bd3 Bxd3 9. Qxd3 Nbd7 10. O-O O-O 11. Rab1 Ne4 12. Bxe7 Qxe7 13. b4 b5 14. Ne2 a5 15. Rfc1 Qf6 16. a4 axb4 17. axb5 Ra3 18. Rb3 Rxb3 19. Qxb3 g5 20. Rxc6 Qf5 21. Ng3 Nxg3 22. hxg3 Ra8 23. Rc1 Nf6 24. Qxb4 Ne4 25. Qe7 Rb8 26. b6 g4 27. Qc7 Rf8 28. b7 gxf3 29. b8=Q fxg2 30. Qxf8+ Kxf8 31. Qc8+ Qxc8 32. Rxc8+ Kg7 33. Kxg2 Nf6 34. Kf3 Kg6 35. Rc6 Kf5 36. Rxf6+ Kxf6 37. e4 dxe4+ 38. Kxe4 Ke6 39. d5+ Kd6 40. Kd4 f5 41. f4 h6 42. Kc4 h5 43. Kd4 1-0


[Site "https://www.chess.com"]

[Event "Titled Tuesday Blitz July 05 Late 2022"]
[White "Raja Rithvik R"]
[Black "Tatarinov, Dmitry"]
[WhiteFideId "35007394"]
[BlackFideId "24160067"]
[WhiteElo "2255"]
[BlackElo "2302"]
[Result "1-0"]
[Round "06"]
[TimeControl "180+1"]
[Date "2022.07.05"]
[WhiteClock "0:00:21"]
[BlackClock "0:00:13"]

1. Nf3 d5 2. c4 d4 3. b4 g5 4. Nxg5 e5 5. d3 Bxb4+ 6. Bd2 Nc6 7. Nf3 Nf6 8. Bxb4 Nxb4 9. Qa4+ Nc6 10. Nxe5 O-O 11. Nxc6 bxc6 12. g3 Re8 13. Qxc6 Rb8 14. Qc5 Rb2 15. Qg5+ Kh8 16. Qc1 Rbxe2+ 17. Bxe2 Bg4 18. O-O Bxe2 19. Re1 Bxd3 20. Nd2 Bg6 21. Rxe8+ Qxe8 22. Qe1 Qd8 23. Qe5 Kg8 24. Re1 d3 25. h4 h5 26. Nf3 Kg7 27. Qd4 Qxd4 28. Nxd4 Ne4 29. Nf3 Bf5 30. Kg2 Nc3 31. Nd2 Kf6 32. Re8 Bd7 33. Rd8 Ke7 34. Rh8 Bc6+ 35. f3 Nxa2 36. Kf2 Nb4 37. Rxh5 Kd6 38. Ra5 a6 39. h5 Ke6 40. Ke3 Kf6 41. g4 Kg7 42. g5 Bd7 43. f4 Bg4 44. h6+ Kh7 45. Ne4 Kg6 46. Nf6 Bf5 47. h7 Nc2+ 48. Kd2 Nd4 49. h8=Q Nb3+ 50. Ke3 Nxa5 51. Qh7# 1-0


[Site "https://www.chess.com"]

[Event "Titled Tuesday Blitz July 05 Late 2022"]
[White "Rizzo, Tobias"]
[Black "Yaksin, Oleg"]
[WhiteFideId "30942691"]
[BlackFideId "24105880"]
[WhiteElo "2301"]
[BlackElo "2256"]
[Result "1-0"]
[Round "06"]
[TimeControl "180+1"]
[Date "2022.07.06"]
[WhiteClock "0:00:03"]
[BlackClock "0:00:14"]

1. e4 e6 2. d3 d5 3. Qe2 d4 4. g3 c5 5. Bg2 Nc6 6. Nd2 h5 7. f4 h4 8. g4 e5 9. f5 g5 10. h3 f6 11. Ngf3 Rh7 12. a4 b6 13. Nc4 Rb7 14. Bd2 Rab8 15. O-O Bd6 16. b3 Bc7 17. Rfb1 a6 18. b4 cxb4 19. Bxb4 Nxb4 20. Rxb4 Ne7 21. Rab1 Nc6 22. R4b2 b5 23. axb5 axb5 24. Ncd2 Qe7 25. Nb3 Ra8 26. Qd2 b4 27. Qe2 Rba7 28. Nfd2 Ba6 29. Qe1 Bb5 30. Bf1 Bd6 31. Kh1 Kf8 32. Qf2 Kg7 33. Qe1 Ra3 34. Nf3 Ba4 35. Nfd2 Bb5 36. Nf3 Na5 37. Nfd2 Nxb3 38. Nxb3 Qa7 39. Bg2 Rc8 40. Qd2 Rc3 41. Bf1 Ba4 42. Nc1 Qc7 43. Nb3 Bxb3 44. cxb3 Qf7 45. Qd1 Qa7 46. Be2 Ra5 47. Kg2 Rac5 48. Qd2 Qc7 49. Qd1 Rc2 50. Rxc2 Rxc2 51. Kf1 Qc3 52. Kf2 Kf7 53. Kf3 Ke7 54. Qe1 Kd7 55. Qd1 Kc6 56. Kf2 Kb5 57. Kf3 Bc7 58. Kf2 Bb6 59. Kf1 Rd2 60. Qe1 Rxd3 61. Bxd3+ Qxd3+ 62. Qe2 Qxe2+ 63. Kxe2 d3+ 64. Kxd3 Bd4 65. Rc1 Kb6 66. Rc4 Bc5 67. Rc1 Kb5 68. Rc2 Bb6 69. Ra2 Bc7 70. Ra7 Kb6 71. Ra8 Kb7 72. Rf8 Kc6 73. Rxf6+ Kc5 74. Rg6 Bd8 75. f6 Kd6 76. Rxg5 Bxf6 77. Rf5 Ke6 78. g5 Be7 79. g6 Bf6 80. Kc4 Ke7 81. Kxb4 Ke6 82. Kc4 Be7 83. b4 Bf6 84. b5 Bd8 85. g7 1-0


[Site "https://www.chess.com"]

[Event "Titled Tuesday Blitz July 05 Late 2022"]
[White "Rostovtsev, Dmitry"]
[Black "Ambartsumova, Karina"]
[WhiteFideId "34278320"]
[BlackFideId "4166299"]
[WhiteElo "2232"]
[BlackElo "2262"]
[Result "0-1"]
[Round "06"]
[TimeControl "180+1"]
[Date "2022.07.06"]
[WhiteClock "0:00:15"]
[BlackClock "0:00:09"]

1. c4 Nf6 2. Nc3 g6 3. e4 d6 4. d4 Bg7 5. Be2 O-O 6. Be3 e5 7. d5 a5 8. g4 Na6 9. g5 Nd7 10. h4 Ndc5 11. h5 c6 12. Nf3 Qc7 13. Nd2 Bd7 14. hxg6 fxg6 15. f3 a4 16. a3 Qa5 17. Qc2 Rac8 18. Rh4 Rf7 19. O-O-O cxd5 20. exd5 Bf5 21. Nde4 Nb3+ 22. Kb1 Nac5 23. Rdh1 Bh8 24. Ka2 Nd4 25. Bxd4 exd4 26. Nb5 Nxe4 27. fxe4 Qxb5 28. exf5 Rxf5 29. Rxh7 Bg7 30. Bd3 Qb3+ 31. Qxb3 axb3+ 32. Kxb3 Rf3 33. R7h3 Re3 34. Rxe3 dxe3 35. Bxg6 Bd4 36. Bf5 Rf8 37. Be6+ Kg7 38. Kc2 Rf2+ 39. Kd3 Rd2+ 40. Ke4 e2 41. Kf3 Rd1 42. Kxe2 Rxh1 43. b4 Rh4 44. Kd3 Bb2 45. a4 Ba3 46. b5 Bc5 47. a5 Rh1 48. Bc8 Ra1 49. a6 Ra3+ 50. Kc2 bxa6 51. Kb2 Ra5 52. Bxa6 Kg6 53. Kb3 Kxg5 54. Bc8 Kf4 55. Ba6 Ke5 56. Bc8 Kd4 57. Ba6 Ra3+ 58. Kb2 Kxc4 59. Bb7 Kxb5 60. Bc6+ Kb4 61. Kc2 Rc3+ 62. Kb2 Rg3 63. Kc2 Rg2+ 64. Kd3 Rg3+ 65. Ke4 Rc3 66. Kf5 Kc4 67. Ke6 Kd4 68. Kd7 Re3 69. Kc7 Re5 70. Kb7 Rxd5 0-1


[Site "https://www.chess.com"]

[Event "Titled Tuesday Blitz July 05 Late 2022"]
[White "Samsonkin, Artiom"]
[Black "Xiong, Jeffery"]
[WhiteFideId "13503111"]
[BlackFideId "2047640"]
[WhiteElo "2513"]
[BlackElo "2714"]
[Result "0-1"]
[Round "06"]
[TimeControl "180+1"]
[Date "2022.07.05"]
[WhiteClock "0:00:02"]
[BlackClock "0:01:36"]

1. d4 g6 2. e4 Bg7 3. Nc3 a6 4. a4 d6 5. f4 Nc6 6. Be3 Nf6 7. h3 O-O 8. Nf3 Nh5 9. Ne2 f5 10. e5 Nb4 11. c4 c5 12. d5 e6 13. g4 fxg4 14. hxg4 exd5 15. gxh5 Bf5 16. Kf2 dxe5 17. hxg6 hxg6 18. Ng3 Bc2 19. Qc1 d4 20. Bd2 e4 21. Bxb4 cxb4 22. Qxc2 d3 23. Qd2 exf3 24. Qxd3 Rxf4 25. Qd5+ Qxd5 26. cxd5 Bd4+ 27. Ke1 Bxb2 28. Rb1 Re8+ 29. Kd2 Be5 0-1


[Site "https://www.chess.com"]

[Event "Titled Tuesday Blitz July 05 Late 2022"]
[White "Sanal, Vahap"]
[Black "Dubov, Daniil"]
[WhiteFideId "6300545"]
[BlackFideId "24126055"]
[WhiteElo "2574"]
[BlackElo "2791"]
[Result "1-0"]
[Round "06"]
[TimeControl "180+1"]
[Date "2022.07.05"]
[WhiteClock "0:00:55"]
[BlackClock "0:00:13"]

1. Nf3 d5 2. b3 Nf6 3. Bb2 g6 4. g3 Bg7 5. Bg2 c5 6. O-O Nc6 7. e3 O-O 8. Ne5 Bd7 9. Nxd7 Qxd7 10. d3 Ne8 11. c3 e6 12. Nd2 Rc8 13. Qe2 Nd6 14. f4 b5 15. e4 b4 16. e5 bxc3 17. Bxc3 Nb5 18. Bb2 Nbd4 19. Qf2 f6 20. exf6 Bxf6 21. Rad1 a5 22. Kh1 Rb8 23. Nf3 Nxf3 24. Bxf6 Rxf6 25. Qxf3 Qd6 26. Qg4 Nd4 27. Rde1 Kg7 28. Rf2 Rf7 29. h4 Kh8 30. Kh2 Ra8 31. Re5 a4 32. bxa4 Rxa4 33. Rb2 Ra8 34. Re1 Rfa7 35. Qg5 Qd8 36. Qe5+ Kg8 37. Reb1 Kf7 38. Rb7+ Qe7 39. Rxe7+ Rxe7 40. Rb8 Rea7 41. Rxa8 Rxa8 42. Qc7+ Kf6 43. Qxc5 Nf5 44. g4 Nxh4 45. Qc3+ Kf7 46. Qc7+ Kf6 47. g5+ Kf5 48. Bh3# 1-0


[Site "https://www.chess.com"]

[Event "Titled Tuesday Blitz July 05 Late 2022"]
[White "Sargsyan, Anna M."]
[Black "Preotu, Razvan"]
[WhiteFideId "13308130"]
[BlackFideId "2613280"]
[WhiteElo "2271"]
[BlackElo "2407"]
[Result "1-0"]
[Round "06"]
[TimeControl "180+1"]
[Date "2022.07.05"]
[WhiteClock "0:00:13"]
[BlackClock "0:00:04"]

1. d4 Nf6 2. c4 g6 3. g3 c6 4. Bg2 d5 5. Nc3 Bg7 6. Nf3 O-O 7. cxd5 cxd5 8. Ne5 Bf5 9. Qb3 Nc6 10. Nxc6 bxc6 11. O-O Qb6 12. Qa4 Ne4 13. Nxe4 dxe4 14. Be3 Qxb2 15. Qxc6 Qxe2 16. Rfe1 Qd3 17. a4 Rfc8 18. Qd5 e6 19. Qa5 Bxd4 20. Rad1 Qc3 21. Qa6 Bxe3 22. Rxe3 Qc2 23. Ree1 Rc4 24. Qb7 Rf8 25. h3 h5 26. a5 Rc7 27. Qb5 Qc5 28. Qa4 Rb8 29. a6 Rb4 30. Qe8+ Kg7 31. Rd8 Kf6 32. Qh8+ Kg5 33. h4+ Kg4 34. Qh6 f6 35. Qf4# 1-0


[Site "https://www.chess.com"]

[Event "Titled Tuesday Blitz July 05 Late 2022"]
[White "Shimanov, Aleksandr"]
[Black "Ladopoulos, Dimitrios"]
[WhiteFideId "4198603"]
[BlackFideId "4239580"]
[WhiteElo "2605"]
[BlackElo "2195"]
[Result "1-0"]
[Round "06"]
[TimeControl "180+1"]
[Date "2022.07.05"]
[WhiteClock "0:02:33"]
[BlackClock "0:01:04"]

1. e4 e6 2. d4 d5 3. Nc3 Nf6 4. Bg5 dxe4 5. Nxe4 Be7 6. Nxf6+ Bxf6 7. Bxf6 Qxf6 8. Nf3 O-O 9. Qd3 Rd8 10. O-O-O b6 11. Qe4 c6 12. Bd3 g6 13. h4 Ba6 14. h5 Bxd3 15. Rxd3 Na6 16. hxg6 hxg6 17. Ne5 c5 18. Rdh3 1-0


[Site "https://www.chess.com"]

[Event "Titled Tuesday Blitz July 05 Late 2022"]
[White "Shuvalova, Polina"]
[Black "Livaic, Leon"]
[WhiteFideId "24171760"]
[BlackFideId "14531534"]
[WhiteElo "2330"]
[BlackElo "2540"]
[Result "1/2-1/2"]
[Round "06"]
[TimeControl "180+1"]
[Date "2022.07.05"]
[WhiteClock "0:00:03"]
[BlackClock "0:00:04"]

1. e4 c5 2. Nf3 e6 3. g3 Nf6 4. Qe2 Nc6 5. Bg2 d6 6. O-O Be7 7. Rd1 O-O 8. d4 cxd4 9. Nxd4 Nxd4 10. Rxd4 Qc7 11. c4 e5 12. Rd1 Bg4 13. f3 Be6 14. b3 a6 15. Be3 b5 16. Nd2 bxc4 17. Rac1 d5 18. exd5 Nxd5 19. Rxc4 Qa5 20. b4 Qxa2 21. Bc5 Rfd8 22. Bxe7 Nxe7 23. Re4 Rac8 24. Qe1 Rc2 25. Re2 Rdc8 26. Bf1 Qb2 27. Rxe5 Qxb4 28. Ne4 Qxe1 29. Rxe1 Nc6 30. Rc5 Nd4 31. Rxc2 Rxc2 32. Re3 g6 33. Bxa6 Rc1+ 34. Kg2 Rc2+ 35. Kg1 Kg7 36. Rd3 Ne2+ 37. Kf1 Nc1 38. Re3 Ra2 39. Bb5 Nb3 40. Ng5 Nd4 41. Nxe6+ fxe6 42. Bc4 Rxh2 43. Bxe6 Kf6 44. Bd7 h5 45. f4 Rb2 46. Rd3 Nf5 47. Bxf5 Kxf5 48. Kg1 Kg4 49. Rd5 Kxg3 50. Rg5+ Kxf4 51. Rxg6 h4 52. Rh6 Kg5 53. Rh8 Kg4 54. Kh1 Kh3 55. Kg1 Rb1+ 56. Kf2 Rb6 57. Kg1 Rg6+ 58. Kh1 Rg2 59. Rxh4+ Kxh4 60. Kxg2 1/2-1/2


[Site "https://www.chess.com"]

[Event "Titled Tuesday Blitz July 05 Late 2022"]
[White "Silva Lucena, Cristian"]
[Black "Baches Garcia, Guillermo"]
[WhiteFideId "2232588"]
[BlackFideId "2209764"]
[WhiteElo "2223"]
[BlackElo "2521"]
[Result "1-0"]
[Round "06"]
[TimeControl "180+1"]
[Date "2022.07.06"]
[WhiteClock "0:00:22"]
[BlackClock "0:00:06"]

1. e4 c5 2. Nf3 d6 3. d4 cxd4 4. Nxd4 Nf6 5. Nc3 Nc6 6. Bc4 Bd7 7. Bb3 g6 8. f3 Nxd4 9. Qxd4 Bg7 10. Be3 O-O 11. Qd2 b5 12. Bh6 a5 13. a4 b4 14. Nd5 e6 15. Bxg7 Kxg7 16. Ne3 Bc6 17. Rd1 d5 18. exd5 exd5 19. O-O Qb6 20. Kh1 Rad8 21. Qd4 Qxd4 22. Rxd4 Rfe8 23. Rd3 h5 24. Rfd1 h4 25. Kg1 h3 26. Nxd5 Bxd5 27. Bxd5 Re2 28. gxh3 Rxc2 29. b3 Re8 30. R1d2 Re1+ 31. Kf2 Rxd2+ 32. Rxd2 Rc1 33. Bc4 Rc3 34. Rd4 Nh5 35. Rd7 g5 36. Rxf7+ Kg6 37. Ra7 Nf4 38. Ra6+ Kf5 39. Rxa5+ Kf6 40. Ra6+ Ke5 41. Ra5+ Kd4 42. Kg3 Rc2 43. Rxg5 Ke3 44. Re5+ Kd4 45. Kxf4 Rxh2 46. Re4+ 1-0


[Site "https://www.chess.com"]

[Event "Titled Tuesday Blitz July 05 Late 2022"]
[White "Silva, Miguel Antonio Neto"]
[Black "Vlassov, Nikolai"]
[WhiteFideId "1911929"]
[BlackFideId "4103360"]
[WhiteElo "2223"]
[BlackElo "2324"]
[Result "0-1"]
[Round "06"]
[TimeControl "180+1"]
[Date "2022.07.06"]
[WhiteClock "0:00:20"]
[BlackClock "0:00:13"]

1. Nf3 c5 2. e4 d6 3. Bb5+ Nc6 4. O-O Nf6 5. d3 Bg4 6. h3 Bxf3 7. Qxf3 Qd7 8. Re1 a6 9. Bxc6 Qxc6 10. Bf4 g6 11. e5 Qxf3 12. gxf3 dxe5 13. Bxe5 Bg7 14. Nc3 O-O 15. Bxf6 exf6 16. Nd5 f5 17. c4 b5 18. Rab1 Rfe8 19. b3 Kf8 20. Nc7 Rxe1+ 21. Rxe1 Rd8 22. Nd5 Bd4 23. Kg2 b4 24. f4 a5 25. Nb6 Rd6 26. Nd5 a4 27. bxa4 Ra6 28. Nc7 Rxa4 29. Re8+ Kg7 30. Nb5 Rxa2 31. Nxd4 cxd4 32. Rb8 Rd2 33. Rxb4 Rxd3 34. c5 Kf6 35. Rb6+ Ke7 36. Rd6 h5 37. f3 h4 38. Kf2 Rd2+ 39. Ke1 Rc2 40. Rxd4 Rxc5 41. Rd2 Rc1+ 42. Kf2 Ke6 43. Re2+ Kf6 44. Kg2 Rc4 45. Ra2 Rxf4 46. Ra6+ Kg5 47. Ra7 Rb4 48. Rxf7 Rb2+ 49. Kf1 Kf4 50. Rf6 g5 51. Ke1 Rh2 0-1


[Site "https://www.chess.com"]

[Event "Titled Tuesday Blitz July 05 Late 2022"]
[White "Skytte, Rasmus"]
[Black "Yuan, Qingyu"]
[WhiteFideId "1404210"]
[BlackFideId "8609772"]
[WhiteElo "2430"]
[BlackElo "2359"]
[Result "1-0"]
[Round "06"]
[TimeControl "180+1"]
[Date "2022.07.05"]
[WhiteClock "0:00:14"]
[BlackClock "0:00:13"]

1. e4 c6 2. d4 d5 3. Nc3 dxe4 4. Nxe4 Nf6 5. Nxf6+ exf6 6. c3 Bd6 7. Bd3 O-O 8. Qc2 Re8+ 9. Ne2 h5 10. O-O h4 11. Bf4 Na6 12. h3 Nc7 13. Bxd6 Qxd6 14. Rae1 Be6 15. c4 Rad8 16. a3 Bc8 17. Rd1 Ne6 18. Bh7+ Kh8 19. Bf5 Ng5 20. Bxc8 Rxc8 21. Nc3 g6 22. d5 Kg7 23. f4 Nh7 24. Ne4 Qe7 25. Nc3 Qc5+ 26. Kh1 Qxc4 27. d6 Rcd8 28. Qf2 Re6 29. d7 Re7 30. Rd4 Qc5 31. Ne4 Qb6 32. Rfd1 f5 33. Nd6 Nf6 34. Qxh4 Rexd7 35. b4 Qc7 36. Nxf5+ gxf5 37. Qg5+ Kh7 38. Qxf5+ Kg8 39. Qg5+ Kf8 40. Qxf6 Rxd4 41. Rxd4 Rxd4 42. Qxd4 b6 43. Qe5 Qc8 44. f5 Kg8 45. Kg1 c5 46. bxc5 bxc5 47. f6 Kf8 48. Qe7+ Kg8 49. Qe5 Kf8 50. Qh5 Ke8 51. Qh8+ Kd7 52. Qxc8+ Kxc8 53. Kf2 Kd7 54. g4 Ke6 55. g5 Kf5 56. h4 Kg4 57. g6 fxg6 58. f7 c4 59. f8=Q c3 60. Qc5 c2 61. Qxc2 Kxh4 62. Qxg6 a5 63. Qg2 a4 64. Kf3 Kh5 65. Qg4+ Kh6 66. Kf4 Kh7 67. Kf5 Kh8 68. Kf6 1-0


[Site "https://www.chess.com"]

[Event "Titled Tuesday Blitz July 05 Late 2022"]
[White "Storme, Isak"]
[Black "Fishbein, Alexander"]
[WhiteFideId "1728113"]
[BlackFideId "2000377"]
[WhiteElo "2205"]
[BlackElo "2410"]
[Result "1-0"]
[Round "06"]
[TimeControl "180+1"]
[Date "2022.07.06"]
[WhiteClock "0:00:23"]
[BlackClock "0:00:02"]

1. Nf3 Nf6 2. b3 g6 3. Bb2 Bg7 4. e3 O-O 5. c4 d6 6. Be2 e5 7. d4 e4 8. Nfd2 Re8 9. Nc3 h5 10. Qc2 Bf5 11. h3 Nc6 12. a3 Nxd4 13. exd4 e3 14. Qc1 exd2+ 15. Qxd2 Ne4 16. Nxe4 Bxe4 17. O-O d5 18. Rfe1 c6 19. c5 Qh4 20. b4 Re7 21. Bf1 Rae8 22. b5 Kh7 23. a4 Bh6 24. Qc3 Bf5 25. Rxe7 Rxe7 26. Re1 Re4 27. Rxe4 Bxe4 28. a5 cxb5 29. Bxb5 a6 30. Bf1 Qf4 31. c6 bxc6 32. Qxc6 Qd2 33. Qc3 Qd1 34. Ba3 Bd2 35. Qc7 Kg8 36. Qd8+ Kh7 37. Qf8 Bd3 38. Qxf7+ Kh6 39. Bf8+ Kg5 40. Be7+ Kh6 41. Bf8+ Kg5 42. Qxd5+ Kf6 43. Qe5+ Kf7 44. Qe7+ 1-0


[Site "https://www.chess.com"]

[Event "Titled Tuesday Blitz July 05 Late 2022"]
[White "Tanenbaum, Zachary"]
[Black "Przybylski, Wojciech"]
[WhiteFideId "2060850"]
[BlackFideId "1117599"]
[WhiteElo "2175"]
[BlackElo "2133"]
[Result "1-0"]
[Round "06"]
[TimeControl "180+1"]
[Date "2022.07.05"]
[WhiteClock "0:00:12"]
[BlackClock "0:00:14"]

1. e4 e5 2. Nf3 Nc6 3. Bc4 Nf6 4. d3 Be7 5. O-O O-O 6. Re1 d6 7. a4 Be6 8. Nbd2 Qd7 9. c3 h6 10. a5 a6 11. Qb3 Nd8 12. d4 exd4 13. cxd4 Bxc4 14. Nxc4 Re8 15. d5 Bf8 16. Qd3 Ng4 17. Bf4 g5 18. Bg3 Bg7 19. h3 Ne5 20. Bxe5 dxe5 21. Nh2 f6 22. Red1 Bf8 23. Ng4 Kg7 24. Nce3 Nf7 25. Nf5+ Kg6 26. Qf3 Be7 27. Rac1 h5 28. Nge3 Bb4 29. d6 Bxd6 30. Nd5 Qe6 31. Nxd6 cxd6 32. Nc7 Qd7 33. Nxa8 Rxa8 34. Rc3 Re8 35. Rdc1 Re7 36. Qd3 Nd8 37. Rc7 Qe6 38. Rxe7 Qxe7 39. Qc4 Nc6 40. b4 Nd4 41. Qg8+ Kh6 42. Rc8 Ne6 43. Qh8+ Kg6 44. Rg8+ Kf7 45. Qh7+ Ng7 46. Rxg7+ Ke6 47. Rxe7# 1-0


[Site "https://www.chess.com"]

[Event "Titled Tuesday Blitz July 05 Late 2022"]
[White "Timofeev, Artyom"]
[Black "Iliaguev, Nisim"]
[WhiteFideId "4140419"]
[BlackFideId "2817276"]
[WhiteElo "2578"]
[BlackElo "2107"]
[Result "1-0"]
[Round "06"]
[TimeControl "180+1"]
[Date "2022.07.05"]
[WhiteClock "0:00:39"]
[BlackClock "0:00:18"]

1. e4 c6 2. Nf3 d5 3. d3 g6 4. Nbd2 Bg7 5. g3 Bg4 6. Bg2 e6 7. O-O Ne7 8. Qe2 O-O 9. h3 Bxf3 10. Nxf3 Nd7 11. c3 c5 12. Bg5 Re8 13. exd5 exd5 14. Rfe1 Nf6 15. Qd2 Qc7 16. Re2 Nc6 17. Rae1 Rxe2 18. Rxe2 Re8 19. Bf4 Qd7 20. Rxe8+ Nxe8 21. h4 Nc7 22. h5 Ne6 23. h6 Bf6 24. Bh3 Qe7 25. Be3 b6 26. d4 cxd4 27. cxd4 Qb4 28. Qc2 Ncxd4 29. Nxd4 Nxd4 30. Qc8+ Qf8 31. Qb7 Nf3+ 32. Kg2 Ng5 33. Qxd5 Nxh3 34. Kxh3 Qc8+ 35. Kg2 Bxb2 36. a4 Bf6 37. Bf4 a6 38. Be3 b5 39. axb5 axb5 40. Qxb5 Qa8+ 41. Kh2 Qc8 42. Qd5 Qd8 43. Qc6 Bg5 44. Bxg5 1-0


[Site "https://www.chess.com"]

[Event "Titled Tuesday Blitz July 05 Late 2022"]
[White "Todorovic, Bojan"]
[Black "Sanchez Alvares, Kelvin Antonio"]
[WhiteFideId "917087"]
[BlackFideId "3906680"]
[WhiteElo "2266"]
[BlackElo "2193"]
[Result "1-0"]
[Round "06"]
[TimeControl "180+1"]
[Date "2022.07.06"]
[WhiteClock "0:00:05"]
[BlackClock "0:00:25"]

1. Nf3 d5 2. c4 c6 3. e3 Nf6 4. b3 Bf5 5. Bb2 e6 6. Nc3 Nbd7 7. Be2 Bd6 8. O-O Qe7 9. d4 O-O 10. Nh4 Bg6 11. Nxg6 hxg6 12. Bf3 dxc4 13. bxc4 e5 14. g3 Rfd8 15. Qb3 Rab8 16. Rfe1 a6 17. a4 a5 18. Ba3 Bxa3 19. Qxa3 Qb4 20. Qxb4 axb4 21. Ne2 exd4 22. exd4 Nb6 23. Rec1 Ra8 24. a5 Nbd7 25. a6 Rxa6 26. Rxa6 bxa6 27. Bxc6 Nb6 28. c5 Nbd5 29. Ra1 Nc3 30. Nxc3 bxc3 31. Rc1 Rxd4 32. Rxc3 Kf8 33. Bb7 Ne4 34. Rc1 Rb4 35. c6 Nd6 36. Bxa6 Rb6 37. Bf1 Nc8 38. Bg2 Ke7 39. Rd1 Nd6 40. h4 Rb2 41. Bf3 Rc2 42. Kg2 f5 43. Rd4 Ke6 44. Bd1 Rc3 45. Ba4 Ke5 46. Rb4 Ra3 47. Bb5 Rc3 48. Ba4 Ra3 49. Bb3 Ra1 50. Rb6 Rc1 51. Ba4 Rc4 52. Ra6 Kd5 53. Bb3 1-0


[Site "https://www.chess.com"]

[Event "Titled Tuesday Blitz July 05 Late 2022"]
[White "Vakhlamov, Igor L."]
[Black "Salem, A.R. Saleh"]
[WhiteFideId "24126748"]
[BlackFideId "9301348"]
[WhiteElo "2401"]
[BlackElo "2679"]
[Result "0-1"]
[Round "06"]
[TimeControl "180+1"]
[Date "2022.07.05"]
[WhiteClock "0:00:01"]
[BlackClock "0:00:07"]

1. e4 c5 2. Nf3 d6 3. Nc3 Nf6 4. d4 cxd4 5. Qxd4 Nc6 6. Bb5 Bd7 7. Bxc6 Bxc6 8. Bg5 h6 9. Bxf6 gxf6 10. O-O-O e6 11. Qd3 a6 12. Nd4 Bd7 13. f4 h5 14. Kb1 Qc7 15. g3 O-O-O 16. f5 Kb8 17. Rhf1 Be7 18. Nce2 e5 19. Nb3 Bb5 20. Qf3 Rc8 21. Rd2 Bf8 22. Na1 Bh6 23. Rdd1 h4 24. Rfe1 hxg3 25. hxg3 Bg5 26. Nc3 Rh2 27. Nxb5 axb5 28. Re2 Rch8 29. Rxh2 Rxh2 30. Rh1 Qc5 31. a3 Qe3 32. Qf1 Re2 33. Qd1 Qxe4 34. Qxd6+ Ka7 35. Qc5+ Ka6 36. Rd1 Re1 37. Rxe1 Qxe1+ 38. Ka2 Qe4 39. Nb3 Qc4 40. Qd6+ Ka7 41. Qc5+ Ka6 42. Qd6+ Ka7 43. Qc5+ Qxc5 44. Nxc5 Kb6 45. Ne4 Kc6 46. Nc3 Kc5 47. Kb3 b6 48. g4 Bf4 49. Ne4+ Kd4 50. Nxf6 e4 51. Nxe4 Kxe4 52. Kb4 Bc1 53. b3 Kf4 54. Kxb5 Kxg4 55. f6 Kf5 56. Kxb6 Bxa3 57. c4 Kxf6 58. c5 Ke7 59. c6 Kd8 60. Kb5 Kc7 61. b4 f5 62. Ka4 f4 0-1


[Site "https://www.chess.com"]